 Dungeon Crawl Stone Soup version 0.30-a0-808-g6e0788376e (webtiles) character file.

Game seed: 3560681734898211034

4 holysushi the Cutter (level 1, 0/11 HPs)
             Began as a Vine Stalker Monk on Feb 26, 2023.
             Slain by a hobgoblin (3 damage)
             ... on level 1 of the Dungeon.
             The game lasted 00:00:07 (66 turns).

holysushi the Cutter (Vine Stalker Monk)              Turns: 66, Time: 00:00:08

Health: 0/11       AC:  2    Str: 13    XL:     1   Next: 60%
Magic:  0/2        EV: 12    Int: 10    God:
Gold:   17         SH:  0    Dex: 16    Spells: 0/0 levels left

rFire   . . .      SeeInvis .    a - +0 short sword
rCold   . . .      Faith    .    (no shield)
rNeg    . . .      Spirit   +    b - +0 robe
rPois   .          Reflect  .    (no helmet)
rElec   .          Harm     .    (no cloak)
rCorr   .          Rampage  .    (no gloves)
Will    .....                    (no boots)
Stlth   ++                       (no amulet)
HPRegen 0.21/turn                (no ring)
MPRegen 0.08/turn                (no ring)

@: no status effects
A: fangs 2, magic shield, antimagic bite, no potion heal 2
a: no special abilities


You were on level 1 of the Dungeon.
You visited 1 branch of the dungeon, and saw 1 of its levels.

You collected 17 gold pieces.

Inventory:

Hand Weapons
 a - a +0 short sword (weapon)
Armour
 b - a +0 robe (worn)
Potions
 c - a potion of ambrosia
 d - a potion of flight {unknown}


   Skills:
 - Level 2.6 Fighting
 + Level 3.0 Short Blades
 - Level 2.4 Dodging
 - Level 2.4 Stealth


You couldn't memorise any spells.
You didn't know any spells.
Your spell library was empty.

Dungeon Overview and Level Annotations

Branches:
Dungeon (1/15) Zot: 5934

Altars:


Innate Abilities, Weirdness & Mutations

You have extremely sharp teeth.
When hurt, damage is shared between your health and your magic reserves.
Your bite disrupts and absorbs the magic of your enemies.
Potions cannot restore your health.


Message History

The kobold hits you with a +0 whip.
A kobold is nearby!
You closely miss the kobold. The kobold barely misses you.
You closely miss the kobold. You completely miss the kobold.
Your bite misses the kobold. The kobold misses you.
You hit the kobold but do no damage. Your bite misses the kobold.
The kobold hits you with a +0 whip.
You hit the kobold.
The kobold is severely wounded.
The kobold hits you but does no damage.
You barely miss the kobold.
The kobold is severely wounded.
The kobold barely misses you.
You are too injured to fight recklessly!
You hit the kobold.
You kill the kobold!
Your Short Blades skill increases to level 3!
No target in view!
A frilled lizard comes into view.
A hobgoblin comes into view.
A bat comes into view.
There are monsters nearby!
There are monsters nearby!
The bat barely misses you.
There are monsters nearby!
Found a glowing grey potion.
The bat closely misses you.
There are monsters nearby!
The hobgoblin hits you.
You are too injured to fight recklessly!
You are too injured to fight recklessly!
You closely miss the hobgoblin. The bat barely misses you.
The hobgoblin hits you.
* * * LOW HITPOINT WARNING * * *
You are too injured to fight recklessly!
You closely miss the hobgoblin.
The frilled lizard hisses angrily.
You punch the hobgoblin.
The hobgoblin is almost dead.
The bat hits you but does no damage. The hobgoblin hits you.
You die...

.#.......
......!..
#........
#...l.... ....
#........ #....#
#........ #....
#g....... #....
##@....... ....
#.b.......
#..##.........
#...#.........
#)...........
##..#........
###...#.......
#.............
.....##..#.######


You could see a hobgoblin, a bat and a frilled lizard.

Vanquished Creatures
  A hobgoblin (D:1)
  A kobold (D:1)
  2 rats (D:1)
4 creatures vanquished.

Notes
Turn   | Place    | Note
-------+----------+-------------------------------------------
     0 | D:1      | holysushi the Vine Stalker Monk began the quest for the
                  | Orb.
     0 | D:1      | Reached XP level 1. HP: 11/11 MP: 2/2
    58 | D:1      | Reached skill level 3 in Short Blades
    66 | D:1      | Slain by a hobgoblin

Illustrated notes

Levels and vault maps discovered:
D:1:      nicolae_arrival_washed_ashore, layout_rooms

Skill      XL: |  1 |
---------------+----+-----
Short Blades   | 3 |  3.0
Fighting       | |  2.6
Dodging        | |  2.4
Stealth        | |  2.4

Action                     || total
---------------------------++-------
  Melee: Short sword       ||    17
         Punch             ||     1
 Armour: Robe              ||     3
  Dodge: Dodged            ||    10

Table legend: (Time is in decaauts)
 A = Elapsed time spent in this place.
 B = Non-inter-level travel time spent in this place.
 C = Inter-level travel time spent in this place.
 D = Time resting spent in this place.
 E = Time spent auto-exploring this place.
 F = Levels seen in this place.
 G = Mean time per level.
                   A        B        C        D        E       F      G
               +--------+--------+--------+--------+--------+-----+--------+
         Total |     65 |     65 |      0 |      0 |     34 |   1 |   65.0 |
       Dungeon |     65 |     65 |      0 |      0 |     34 |   1 |   65.0 |
               +--------+--------+--------+--------+--------+-----+--------+

Top non-repeatable levels by time:
     D:1: 65 daAuts
